 Dungeon Crawl Stone Soup version 0.25.0-10-g039870ee82 (webtiles) character file.

Game seed: 15559485763384048480

196 nikku the Chopper (level 5, -11/48 HPs)
             Began as a Minotaur Berserker on June 23, 2020.
             Was a Believer of Trog.
             Splashed by Ijyb's acid (12 damage)
             ... on level 3 of the Dungeon.
             The game lasted 00:04:55 (1904 turns).

nikku the Chopper (Minotaur Berserker)              Turns: 1904, Time: 00:04:56

Health: -11/48     AC:  5    Str: 22    XL:     5   Next: 45%
Magic:  4/4        EV:  8    Int:  4    God:    Trog [**....]
Gold:   123        SH:  0    Dex: 10    Spells: 4/4 levels left

rFire    . . .     SeeInvis .   a - +0 hand axe
rCold    . . .     Gourm    .   (no shield)
rNeg     . . .     Faith    .   g - +0 chain mail
rPois    .         Spirit   .   (helmet restricted)
rElec    .         Reflect  .   (no cloak)
rCorr    .         Harm     .   (no gloves)
MR       ++...                  (no boots)
Stlth    ..........             (no amulet)
HPRegen  1.16/turn              (no ring)
MPRegen  0.09/turn              (no ring)

@: corroded, regenerating (expiring)
A: retaliatory headbutt, horns 2
a: Berserk, Trog's Hand, Renounce Religion


You were on level 3 of the Dungeon.
You worshipped Trog.
Trog was pleased with you.
You were hungry.

You visited 1 branch of the dungeon, and saw 3 of its levels.

You collected 123 gold pieces.

Inventory:

Hand Weapons
 a - a +0 hand axe (weapon)
Armour
 g - a +0 chain mail (worn)
Scrolls
 f - 2 scrolls of teleportation
 l - a scroll of fog {unknown}
Potions
 b - a potion of brilliance {unknown}
 d - a potion of degeneration {unknown}
 e - a potion of flight {unknown}
 h - 2 potions of mutation {unknown}
 i - a potion of haste {unknown}
 k - a potion of might {unknown}
Comestibles
 c - 5 rations
 j - 13 chunks of flesh


   Skills:
 * Level 5.4 Fighting
 * Level 5.4 Axes
 + Level 4.0 Armour
 - Level 2.1 Dodging


You had 4 spell levels left.
You didn't know any spells.
Your spell library was empty.

Dungeon Overview and Level Annotations

Branches:
Dungeon (3/15)

Altars:
Cheibriados
Gozag
Yredelemnul

Annotations:
D:3 Ijyb


Innate Abilities, Weirdness & Mutations

You reflexively headbutt those who attack you in melee.
You have a pair of horns on your head.


Message History

Your skin crawls.
You feel resistant to hostile enchantments.
You feel somewhat more hungry.
You are feeling hungry.
You miss the bat. The bat hits you but does no damage.
You feel the effects of Trog's Hand fading.
The bat barely misses you.
Ijyb zaps a wand.
The bolt of acid hits you!!
Ouch! That really hurt!
You are splashed with acid!
* * * LOW HITPOINT WARNING * * *
You are too injured to fight recklessly!
The bat hits you but does no damage.
You hit Ijyb but do no damage. The bat closely misses you.
You furiously retaliate!
You headbutt the bat, but do no damage. Ijyb hits you but does no damage.
You closely miss Ijyb. You headbutt Ijyb, but do no damage.
The bat barely misses you.
Ijyb zaps a wand.
The bolt of acid hits you!
* * * LOW HITPOINT WARNING * * *
The acid corrodes you!
You are splashed with acid!
You die...

#..........#
#..........# ..........#
# #........# #
##<....$..## #
#..........# #
#...gb.....#
#############...@../...#
........................
..##### ####..........#
#...# #.........##
###.### #.#......##
#...#######.######.#
###....#....# .# ###
###....#### # _8#
##......#


You could see Ijyb and a bat.

Vanquished Creatures
  An ogre (D:3)
  An orc priest (D:3)
  An adder (D:2)
  2 oozes
  A dart slug (D:1)
  4 orcs (D:3)
  5 giant cockroaches
  3 goblins
  5 hobgoblins
  9 jackals
  2 quokkas
  7 bats
  3 frilled lizards
  A gnoll zombie (D:2)
  9 kobolds
  4 rats
58 creatures vanquished.

Notes
Turn   | Place    | Note
-------+----------+-------------------------------------------
     0 | D:1      | nikku the Minotaur Berserker began the quest for the Orb.
     0 | D:1      | Reached XP level 1. HP: 19/19 MP: 0/0
    95 | D:1      | Reached XP level 2. HP: 27/27 MP: 1/1
   537 | D:1      | Reached XP level 3. HP: 27/33 MP: 2/2
   780 | D:2      | Reached ** piety under Trog
  1427 | D:2      | Found a basalt altar of Yredelemnul.
  1611 | D:2      | Found a snail-covered altar of Cheibriados.
  1707 | D:3      | Reached XP level 4. HP: 41/41 MP: 3/3
  1746 | D:3      | Found an opulent altar of Gozag.
  1776 | D:3      | Noticed a big kobold
  1777 | D:3      | Noticed a big kobold
  1799 | D:3      | Noticed an ogre
  1804 | D:3      | Killed an ogre
  1804 | D:3      | Reached skill level 5 in Fighting
  1804 | D:3      | Reached skill level 5 in Axes
  1804 | D:3      | Reached XP level 5. HP: 48/48 MP: 4/4
  1898 | D:3      | Noticed Ijyb
  1904 | D:3      | HP: 1/48 [Ijyb/bolt of acid (14)]
  1904 | D:3      | Splashed by Ijyb's acid

Illustrated notes

Levels and vault maps discovered:
D:1:      lightli_arrival_statue_moat, layout_rooms, minmay_tree_intersection
D:2:      layout_loops_ring, lemuel_zombie_altar_yredelemnul,
          lemuel_round_altar, first_ration
D:3:      cheibrodos_thug_alley, layout_rooms, grunt_gozag_breadcrumbs,
          lemuel_round_altar, grunt_ministairs_1, uniq_ijyb, uniq_natasha

Skill      XL: |  1  2  3  4  5 |
---------------+----------------+-----
Axes           | 4 5 |  5.4
Fighting       | 4 5 |  5.4
Armour         | 3 4 |  4.0
Dodging        | |  2.1

Action                   |  1- 3 |  4- 6 || total
-------------------------+-------+-------++-------
Melee: Hand axe          |   104 |    20 ||   124
       Headbutt          |    13 |     6 ||    19
Invok: Berserk           |       |     1 ||     1
       Trog's Hand       |       |     1 ||     1
  Use: Scroll            |     4 |       ||     4
  Eat: Chunk             |     3 |     1 ||     4
Armor: Leather armour    |    32 |       ||    32
       Animal skin       |     2 |       ||     2
       Chain mail        |    10 |    10 ||    20
Dodge: Dodged            |    66 |    11 ||    77
